 Dungeon Crawl Stone Soup version 0.30-a0-743-gbfdf073431 (webtiles) character file.

Game seed: 8377647546798437216

786 cheesebisquit the Geomancer (level 7, -3/36 HPs)
             Began as a Gargoyle Earth Elementalist on Feb 7, 2023.
             Slain by a wight
             ... wielding a +3 battleaxe of freezing
              (5 damage)
             ... on level 5 of the Dungeon.
             The game lasted 00:16:09 (6044 turns).

cheesebisquit the Geomancer (GrEE)                  Turns: 6044, Time: 00:16:10

Health: -3/36      AC: 11    Str: 11    XL:     7   Next: 87%
Magic:  13/15      EV: 11    Int: 18    God:
Gold:   33         SH:  5    Dex: 10    Spells: 13/17 levels left

rFire   . . .      SeeInvis .    s - +0 sling (freeze)
rCold   . . .      Faith    .    (no shield)
rNeg    + . .      Spirit   .    a - +0 robe
rPois   ∞          Reflect  +    q - +0 helmet
rElec   +          Harm     .    g - +0 cloak
rCorr   .          Rampage  .    l - +1 pair of gloves
Will    +....                    y - +0 pair of boots
Stlth   ++                       v - amulet of reflection
HPRegen 0.26/turn                x - ring of willpower
MPRegen 0.14/turn                (no ring)

@: no status effects
A: sickness immunity, AC +4, negative energy resistance 1, electricity
resistance, torment resistance 1, petrification resistance
a: no special abilities


You were on level 5 of the Dungeon.
You visited 1 branch of the dungeon, and saw 5 of its levels.

You collected 323 gold pieces.
You spent 290 gold pieces at shops.

Inventory:

Hand Weapons
 j - a +0 war axe
 s - a +0 sling of freezing (weapon)
Missiles
 m - 7 poisoned darts
Armour
 a - a +0 robe (worn)
 g - a +0 cloak (worn)
 l - a +1 pair of gloves (worn)
 q - a +0 helmet (worn)
 y - a +0 pair of boots (worn)
Jewellery
 p - an amulet of guardian spirit
 v - an amulet of reflection (around neck)
 x - a ring of willpower (left hand)
Wands
 w - a wand of charming (6)
Scrolls
 d - a scroll of magic mapping
 i - 5 scrolls of teleportation
 k - a scroll of enchant weapon
 t - a scroll of vulnerability
 u - a scroll of amnesia
Potions
 b - a potion of magic
 c - 2 potions of heal wounds
 e - a potion of attraction
 f - a potion of invisibility
 h - 6 potions of curing
 n - 3 potions of flight
 o - 2 potions of haste
 r - a potion of brilliance
 z - a potion of mutation


   Skills:
 - Level 1.5 Dodging
 - Level 2.1 Stealth
 + Level 5.8 Spellcasting
 - Level 0.7 Transmutations
 + Level 8.1 Earth Magic


You had 13 spell levels left.
You knew the following spells:

 Your Spells              Type           Power      Damage    Failure   Level
a - Sandblast             Erth           68%        2d15      1%          1
b - Stone Arrow           Conj/Erth      38%        3d9       7%          3

Your spell library contained the following spells:

 Spells                   Type           Power      Damage    Failure   Level
 Passwall                 Tmut/Erth      17%        N/A       3%          2
 Poisonous Vapours        Pois/Air       10%        N/A       19%         2
 Petrify                  Tmut/Erth      21%        N/A       21%         4
 Mephitic Cloud           Conj/Pois/Air  5%         N/A       36%         3
 Yara's Violent Unravell  Hex/Tmut       3%         3d4       96%         5
 Enfeeble                 Hex            2%         N/A       100%        7
 Cigotuvi's Dreadful Rot  Necr/Pois/Air  Unusable   N/A       N/A         2

Dungeon Overview and Level Annotations

Branches:
Dungeon (5/15)
 Temple: D:4-7

Altars:
Okawaru
Ru
Wu Jian
Zin

Shops:
D:1 ?   D:5 (

Annotations:
D:3 3 runed translucent doors, Aneyh's ghost, amateur TeMo


Innate Abilities, Weirdness & Mutations

You are immune to sickness and miasma.
Your stone body is resilient. (AC +4)
You are immune to poison.
You resist negative energy. (rN+)
You are resistant to electric shocks. (rElec)
You are resistant to unholy torment.
You are immune to petrification.


Message History

The blast of sand hits the wight but does no damage.
The wight is severely damaged.
The withered plant crumbles away.
The wight hits you with a +3 battleaxe of freezing!
* * * LOW HITPOINT WARNING * * *
The wight freezes you.
* * * LOW HITPOINT WARNING * * *
A necrophage comes into view.
The wyvern skeleton bites the withered plant.
The wight completely misses the withered plant.
You block the wight's attack.
The wight hits the withered plant with a +0 short sword!
The wight hits the withered plant with a +0 short sword.
The withered plant begins to crumble.
The wyvern skeleton completely misses the withered plant.
The necrophage moves out of view.
Okay, then.
A spectral adder comes into view.
The wight hits the withered plant with a +0 short sword!
The wight hits the withered plant with a +3 long sword!
The withered plant begins to crumble.
The spectral adder moves out of view.
The withered plant crumbles away.
The wyvern skeleton bites the withered plant!
The water moccasin skeleton bites the withered plant.
Something bites the withered plant!
There is a stone staircase leading down here.
The wight attacks as you move away!
The wight hits you with a +3 battleaxe of freezing.
* * * LOW HITPOINT WARNING * * *
The wight freezes you.
* * * LOW HITPOINT WARNING * * *
The wight attacks as you move away! The wight barely misses you.
The wight attacks as you move away!
The wight hits you with a +3 battleaxe of freezing.
* * * LOW HITPOINT WARNING * * *
The wight freezes you.
* * * LOW HITPOINT WARNING * * *
There is a stone staircase leading up here.
The wight hits you with a +3 battleaxe of freezing.
You die...

..##............##
##.######..# .###............#
#.........# ## #............#
#.........# #............##
###.###.....>
#.............####....#....#.♣
##.......................###♣♣
##....................### #♣P
##.....#.....z.z.z...# ##..
#######.).@z######..####>..
#.)..## #...z..... #....##
######.... #.....#### #....
##.......... #....
##....####### #.... ###..####
##### #...## #..##


You could see 4 wights.

Vanquished Creatures
  A phantom (D:4)
  A kobold brigand (D:5)
  Blork the orc (D:4)
  2 scorpions (D:5)
  A jelly (D:4)
  A hound (D:5)
  Jessica (D:2)
  3 iguanas (D:5)
  Natasha (thrice) (D:2)
  Terence (D:2)
  7 gnolls
  4 adders
  An ufetubus (D:4)
  2 worms (D:2)
  A dart slug (D:3)
  4 orcs
  5 ball pythons
  9 endoplasms
  2 giant cockroaches
  6 goblins
  7 hobgoblins
  9 jackals
  A quokka (D:2)
  2 bats
  6 frilled lizards
  10 kobolds
  5 rats
96 creatures vanquished.

Vanquished Creatures (others)
  A plant (D:4)
  18 withered plants (D:5)
19 creatures vanquished.

Grand Total: 115 creatures vanquished

Notes
Turn   | Place    | Note
-------+----------+-------------------------------------------
     0 | D:1      | cheesebisquit the Gargoyle Earth Elementalist began the
                  | quest for the Orb.
     0 | D:1      | Reached XP level 1. HP: 10/10 MP: 3/3
    24 | D:1      | Found Orhe's Magic Scroll Boutique.
   403 | D:1      | Reached XP level 2. HP: 15/15 MP: 1/5
   469 | D:1      | Reached skill level 4 in Earth Magic
  1028 | D:2      | Found a faded altar of an unknown god.
  1131 | D:2      | Reached XP level 3. HP: 18/19 MP: 1/6
  1266 | D:2      | Noticed Natasha
  1269 | D:2      | Noticed Jessica
  1273 | D:2      | Killed Natasha
  1274 | D:2      | Reached XP level 4. HP: 9/24 MP: 2/8
  1430 | D:2      | Noticed Natasha
  1434 | D:2      | Killed Natasha
  1435 | D:2      | Reached skill level 5 in Earth Magic
  1487 | D:2      | Killed Jessica
  1513 | D:2      | Noticed Natasha
  1516 | D:2      | Killed Natasha
  1517 | D:2      | Reached XP level 5. HP: 27/28 MP: 4/10
  1735 | D:2      | Noticed Terence
  1946 | D:2      | Killed Terence
  2253 | D:2      | Found a faded altar of an unknown god.
  2539 | D:3      | Found a sacrificial altar of Ru.
  2561 | D:3      | Found a glowing silver altar of Zin.
  2655 | D:3      | Found an iron altar of Okawaru.
  2749 | D:3      | Found a runed translucent gate.
  2750 | D:3      | Found a runed translucent gate.
  2751 | D:3      | Found a runed translucent gate.
  2759 | D:3      | Noticed Aneyh's ghost (amateur TeMo)
  2850 | D:4      | Found an ornate altar of the Wu Jian Council.
  2861 | D:4      | Reached skill level 6 in Earth Magic
  2861 | D:4      | Reached XP level 6. HP: 32/32 MP: 12/12
  3874 | D:5      | Entered Level 5 of the Dungeon
  4008 | D:5      | Reached skill level 7 in Earth Magic
  4008 | D:5      | Reached XP level 7. HP: 36/36 MP: 7/14
  4011 | D:5      | Reached skill level 5 in Spellcasting
  4014 | D:5      | Noticed Blork the orc
  4188 | D:4      | Killed Blork the orc
  4193 | D:4      | Learned a level 3 spell: Stone Arrow
  4202 | D:4      | Found an ornate altar of the Wu Jian Council.
  4284 | D:1      | Bought a scroll of identify for 20 gold pieces
  4284 | D:1      | Bought a scroll of enchant weapon for 75 gold pieces
  4284 | D:1      | Bought a scroll of vulnerability for 40 gold pieces
  4284 | D:1      | Bought a scroll of identify for 20 gold pieces
  4284 | D:1      | Bought a scroll of teleportation for 30 gold pieces
  4284 | D:1      | Bought a scroll of teleportation for 30 gold pieces
  5168 | D:5      | Found Cissing's Antique Weapon Shop.
  5477 | D:1      | Bought a scroll of magic mapping for 75 gold pieces
  5709 | D:5      | Reached skill level 8 in Earth Magic
  6041 | D:5      | HP: 1/36 [wight/+3 battleaxe of freezing (1)]
  6044 | D:5      | Slain by a wight

Illustrated notes

Levels and vault maps discovered:
D:1:      dpeg_arrival_tiny_c, layout_loops_corners, serial_shops,
          nicolae_shop_crystal
D:2:      layout_rooms, ebering_ecumenical_altar_sacrificial, minmay_cut_off,
          uniq_natasha, uniq_terence, uniq_jessica
D:3:      layout_rooms, mainiacjoe_overflow_brackets, minitemple,
          gammafunk_ghost_necromancy
D:4:      layout_loops_ring, mainiacjoe_overflow_small_starburst,
          serial_park_tiny_pond, saegor_snake_ambush
D:5:      layout_layer_cave, lemuel_coloured_pillars_altar, serial_shops,
          nicolae_shop_window_shopping, dilly_guarded_unrand_morg,
          uniq_blork_the_orc

Skill      XL: |  1  2  3  4  5  6  7 |
---------------+----------------------+-----
Earth Magic    | 4 5 6 7 8 |  8.1
Spellcasting   | 3 4 5 |  5.8
Dodging        | |  1.5
Stealth        | |  2.1
Transmutations | |  0.7

Action                     |  1- 3 |  4- 6 |  7- 9 || total
---------------------------+-------+-------+-------++-------
  Melee: Dagger            |     1 |       |       ||     1
         War axe           |     9 |     1 |       ||    10
   Fire: Sling             |       |    95 |     6 ||   101
  Throw: Dart              |       |       |     1 ||     1
   Cast: Sandblast         |    36 |    84 |    30 ||   150
  Evoke: Wand              |       |       |     1 ||     1
    Use: Scroll            |       |    11 |     6 ||    17
         Potion            |       |       |     1 ||     1
 Armour: Robe              |    13 |    46 |    10 ||    69
  Dodge: Dodged            |    22 |    88 |    19 ||   129
  Block: Other             |       |    16 |     6 ||    22
         Reflection        |       |       |     2 ||     2

Table legend: (Time is in decaauts)
 A = Elapsed time spent in this place.
 B = Non-inter-level travel time spent in this place.
 C = Inter-level travel time spent in this place.
 D = Time resting spent in this place.
 E = Time spent auto-exploring this place.
 F = Levels seen in this place.
 G = Mean time per level.
                   A        B        C        D        E       F      G
               +--------+--------+--------+--------+--------+-----+--------+
         Total |   6216 |   5571 |    645 |    213 |   4544 |   5 | 1243.2 |
       Dungeon |   6216 |   5571 |    645 |    213 |   4544 |   5 | 1243.2 |
               +--------+--------+--------+--------+--------+-----+--------+

Top non-repeatable levels by time:
     D:4: 1941 daAuts
     D:1: 1418 daAuts
     D:2: 1205 daAuts
     D:5: 1125 daAuts
     D:3: 526 daAuts
